 Dungeon Crawl Stone Soup version 0.26-a0-466-g989023bd0d (webtiles) character file.

Game seed: 10304268285205893442

3655 Infinimo the Basher (level 9, -9/82 HPs)
             Began as a Minotaur Fighter on July 29, 2020.
             Was an Initiate of Gozag.
             Mangled by a hornet (13 damage)
             ... on level 8 of the Dungeon.
             The game lasted 00:07:24 (7798 turns).

Infinimo the Basher (Minotaur Fighter)              Turns: 7798, Time: 00:07:24

Health: -9/82      AC: 11    Str: 22    XL:     9   Next: 88%
Magic:  8/8        EV:  8    Int:  5    God:    Gozag
Gold:   567        SH: 12    Dex: 12    Spells: 8/8 levels left

rFire    . . .     SeeInvis .   a - +0 flail
rCold    . . .     Faith    .   c - +1 kite shield
rNeg     . . .     Spirit   .   b - +0 scale mail
rPois    .         Reflect  .   h - +2 hat
rElec    .         Harm     .   (no cloak)
rCorr    .                      t - +0 pair of gloves
MR       .....                  (no boots)
Stlth    ..........             (no amulet)
HPRegen  0.23/turn              (no ring)
MPRegen  0.11/turn              (no ring)

@: lethally poisoned (-9 -> -12), about to teleport, gold aura, lightly drained
A: retaliatory headbutt, horns 2
a: Potion Petition, Call Merchant, Bribe Branch, Renounce Religion


You were on level 8 of the Dungeon.
You worshipped Gozag.
Gozag was pleased with you.
You visited 2 branches of the dungeon, and saw 9 of its levels.
You also visited: Ossuary.

You collected 669 gold pieces.
You paid 102 gold pieces to Gozag.

Inventory:

Hand Weapons
 a - a +0 flail (weapon)
Armour
 b - a +0 scale mail (worn)
 c - a +1 kite shield (worn)
 h - a +2 hat (worn)
 t - a +0 pair of gloves (worn)
Jewellery
 s - an uncursed ring of protection from magic {unknown}
Wands
 B - a wand of clouds (2)
 C - a wand of disintegration (10)
Scrolls
 e - a scroll of teleportation
 i - 3 scrolls of enchant armour
 j - a scroll of fog
 n - 4 scrolls of remove curse
 p - a scroll of silence {unknown}
 q - 4 scrolls of immolation
 r - 8 scrolls of identify
 u - a scroll of random uselessness {unknown}
 w - 3 scrolls of fear {unknown}
 x - a scroll of enchant weapon {unknown}
 y - a scroll of blinking
 D - a scroll of torment {unknown}
Potions
 d - 2 potions of might
 f - 4 potions of curing
 g - 3 potions of brilliance
 k - a potion of degeneration {unknown}
 l - 4 potions of heal wounds
 m - a potion of lignification {unknown}
 o - 2 potions of flight {unknown}
 v - 2 potions of invisibility
 z - a potion of haste {unknown}
 A - a potion of resistance


   Skills:
 + Level 8.5(8.2) Fighting
 * Level 10.9(10.6) Maces & Flails
 + Level 8.4(8.1) Armour
 + Level 8.4(8.1) Shields


You had 8 spell levels left.
You didn't know any spells.
Your spell library contained the following spells:

 Spells                   Type           Power        Failure   Level
 Beastly Appendage        Tmut           #.....       96%         1
 Sandblast                Erth           #.....       96%         1
 Ensorcelled Hibernation  Hex/Ice        #.....       99%         2
 Passwall                 Tmut/Erth      #.......     99%         2
 Wereblood                Tmut           #.......     99%         2
 Spider Form              Tmut/Pois      #.........   100%        3
 Stone Arrow              Conj/Erth      #.....       100%        3
 Summon Guardian Golem    Hex/Summ       #.......     100%        3
 Ice Form                 Ice/Tmut       #.......     100%        4
 Petrify                  Tmut/Erth      #.......     100%        4
 Blade Hands              Tmut           #.........   100%        5
 Bolt of Magma            Conj/Fire/Erth #.........   100%        5
 Lee's Rapid Deconstruct  Erth           #.........   100%        5
 Summon Mana Viper        Hex/Summ       #.......     100%        5


Dungeon Overview and Level Annotations

Branches:
Dungeon (8/15)             Temple (1/1) D:5         Ossuary (visited)
   Lair: D:8-11

Altars:
Ashenzari
Cheibriados
Dithmenos
Elyvilon
Fedhas
Gozag
Hepliaklqana
Kikubaaqudgha
Makhleb
Nemelex Xobeh
Okawaru
Qazlal
Ru
Sif Muna
Trog
Uskayaw
Vehumet
Wu Jian
Xom
Yredelemnul
Zin
The Shining One

Shops:
D:5 =

Annotations:
D:8 Psyche


Innate Abilities, Weirdness & Mutations

You reflexively headbutt those who attack you in melee.
You have a pair of horns on your head.


Message History

An ogre comes into view. It is wielding a +0 giant club.
The ogre shouts!
A hornet comes into view.
The hornet buzzes angrily.
You block the centaur zombie's attack.
A bullfrog comes into view.
A phantom comes into view.
An ogre comes into view. It is wielding a +0 giant club.
You block the centaur zombie's attack.
A centaur zombie comes into view.
As you read the scroll of teleportation, it crumbles to dust.
You feel strangely unstable. You block the hornet's attack.
Your shield prevents you from hitting the ogre.
You feel sick. You block the hornet's attack. You block the bullfrog's attack.
The ogre hits you with a +0 giant club!!
* * * LOW HITPOINT WARNING * * *
The centaur zombie hits you.
* * * LOW HITPOINT WARNING * * *
The hornet stings you!
You die...
Your body crumbles into a pile of gold.

.##........#####..#..#####..###.#
.##.......## ##...## #.# #..
.##.......# ##### #.###..
####......# .. #.##..# #
##...#.#$ #'## #^##.## # ##....##
##...## ##.##.## # ###...##
##.....## ##.....#. ########.#..#
#$O.....# #......#. o..#...#.##.#
#.@OW...# #..###.). o...........#
#ZyF....# #..###... ...#...#.####
##.....## ##.....## ..........#
##...## ##.##.#. .>.#...#.## ####
#...... ...#.)[#)# ####o$.
...##.(#[# ' #{#. ######...# ..
#$#. ##..# ... #$l.


You could see a phantom, a hornet, 2 ogres, a bullfrog and a centaur zombie.

Vanquished Creatures
  The ghost of KristoblXynda the Chopper, a novice NaGl (D:3)
  A wraith (Ossuary)
  An orc warrior (D:8)
  A hornet zombie (D:6)
  An ice beast (D:7)
  3 sky beasts
  A black bear (D:8)
  A phantom (D:6)
  3 ogres
  4 centaurs
  A big kobold (D:6)
  2 bullfrogs
  A scorpion (D:6)
  6 killer bees (D:8)
  3 wights (D:8)
  4 howler monkeys
  A quasit (D:8)
  A bullfrog zombie (D:8)
  4 hounds
  A centaur zombie (D:3)
  2 jellies
  3 orc priests
  A bullfrog skeleton (D:8)
  3 orc wizards
  2 centaur skeletons
  2 iguanas
  9 worker ants
  3 hound skeletons
  A mummy (Ossuary)
  14 adders
  A shadow imp (D:6)
  2 white imps
  An ufetubus (D:7)
  An ooze (D:3)
  2 adder skeletons
  2 dart slugs
  4 leopard geckos
  19 orcs
  2 ball pythons
  7 giant cockroaches
  6 hobgoblins
  6 jackals
  11 kobolds
  5 quokkas
  11 bats
  5 frilled lizards
  A giant cockroach zombie (D:3)
  9 gnoll skeletons (Ossuary)
  5 goblins
  6 kobold skeletons (Ossuary)
  10 orc skeletons (Ossuary)
  A quokka skeleton (D:3)
  A quokka zombie (D:3)
  9 rats
208 creatures vanquished.

Notes
Turn   | Place    | Note
-------+----------+-------------------------------------------
     0 | D:1      | Infinimo the Minotaur Fighter began the quest for the Orb.
     0 | D:1      | Reached XP level 1. HP: 19/19 MP: 0/0
    68 | D:1      | Reached XP level 2. HP: 20/27 MP: 1/1
   190 | D:1      | Reached skill level 3 in Maces & Flails
   657 | D:2      | Reached XP level 3. HP: 33/33 MP: 2/2
  1354 | D:3      | Reached XP level 4. HP: 40/40 MP: 3/3
  1361 | D:3      | Found a faded altar of an unknown god.
  1398 | D:3      | Found a runed translucent gate.
  1398 | D:3      | Found a runed translucent gate.
  1402 | D:3      | Found a runed translucent gate.
  1405 | D:3      | Noticed KristoblXynda's ghost (novice NaGl)
  1421 | D:3      | Noticed an ogre
  1444 | D:2      | Reached skill level 4 in Maces & Flails
  1641 | D:2      | Killed an ogre
  1641 | D:2      | Reached XP level 5. HP: 18/47 MP: 4/4
  1966 | D:3      | Found a radiant altar of Vehumet.
  2051 | D:3      | Reached skill level 5 in Maces & Flails
  2236 | D:3      | Found an iron altar of Okawaru.
  2527 | D:3      | Killed KristoblXynda's ghost
  2527 | D:3      | Reached skill level 5 in Fighting
  2527 | D:3      | Reached skill level 6 in Maces & Flails
  2527 | D:3      | Reached skill level 5 in Armour
  2527 | D:3      | Reached skill level 5 in Shields
  2527 | D:3      | Reached XP level 6. HP: 51/56 MP: 5/5
  2527 | D:3      | Reached XP level 7. HP: 55/61 MP: 6/6
  3018 | D:5      | Entered Level 5 of the Dungeon
  3027 | D:5      | Reached skill level 7 in Maces & Flails
  3437 | D:5      | Found a staircase to the Ecumenical Temple.
  3440 | D:5      | Found Noralumi's Jewellery Boutique.
  3449 | D:5      | Reached XP level 8. HP: 59/70 MP: 7/7
  3454 | Temple   | Entered the Ecumenical Temple
  4182 | D:5      | Reached skill level 8 in Maces & Flails
  4210 | D:6      | Found a sand-covered staircase.
  4228 | Ossuary  | Entered an ossuary
  4824 | D:6      | Reached skill level 9 in Maces & Flails
  4920 | D:6      | Found a bloodstained altar of Trog.
  5145 | D:6      | Reached XP level 9. HP: 79/79 MP: 8/8
  5726 | D:7      | Identified Sif Muna's Grimoire of Enchanting Clay
  5881 | D:7      | Found an ancient bone altar of Kikubaaqudgha.
  5885 | D:7      | Found an opulent altar of Gozag.
  5890 | D:7      | Found a white marble altar of Elyvilon.
  5895 | D:7      | Became a worshipper of Gozag Ym Sagoz the Greedy
  6422 | D:8      | Reached skill level 10 in Maces & Flails
  7375 | D:8      | Found a burning altar of Makhleb.
  7764 | D:8      | Noticed Psyche
  7798 | D:8      | HP: 4/82 [centaur zombie (2)]
  7798 | D:8      | Mangled by a hornet

Illustrated notes

Levels and vault maps discovered:
D:1:      minmay_arrival_open_corners, layout_basic
D:2:      layout_basic
D:3:      layout_loops_cross, lemuel_doored_altar, lemuel_round_altar,
          chequers_ecumenical_altar_island, gammafunk_ghost_necromancy,
          serial_undead, serial_undead_d, serial_undead_c, serial_undead_c,
          serial_undead_b
D:4:      layout_rooms, minivault_26
D:5:      layout_basic, minmay_temple_entry_statues_pillars, serial_shops, shop
D:6:      layout_basic, nicolae_ossuary_entry_monument, basic_altar,
          minmay_unpleasant_kobolds
D:7:      layout_cave_pods, minmay_overflow_temple_star_quad,
          minmay_misc_feat_rows
D:8:      minmay_octagon_keep, layout_rooms, overflow_temple_1_default,
          uniq_psyche
Temple:   eino_temple_scatter_basement

Skill      XL: |  1  2  3  4  5  6  7  8  9 |
---------------+----------------------------+-----
Maces & Flails | 3 4 6 7 9 10 | 10.9
Fighting       | 4 5 6 7 8 |  8.5
Armour         | 4 5 6 7 8 |  8.4
Shields        | 4 5 6 7 8 |  8.4

Action                   |  1- 3 |  4- 6 |  7- 9 || total
-------------------------+-------+-------+-------++-------
Melee: Flail             |   100 |    87 |   480 ||   667
       Headbutt          |    15 |    14 |    96 ||   125
  Use: Potion            |       |     4 |     2 ||     6
       Scroll            |       |       |    10 ||    10
Armor: Scale mail        |    46 |    54 |   189 ||   289
Dodge: Dodged            |    30 |    19 |   124 ||   173
Block: Kite shield       |    74 |    49 |   288 ||   411

Table legend: (Time is in decaauts)
 A = Elapsed time spent in this place.
 B = Non-inter-level travel time spent in this place.
 C = Inter-level travel time spent in this place.
 D = Time resting spent in this place.
 E = Time spent auto-exploring this place.
 F = Levels seen in this place.
 G = Mean time per level.
                   A        B        C        D        E       F      G
               +--------+--------+--------+--------+--------+-----+--------+
         Total |   7878 |   7750 |    128 |    993 |   5429 |  10 |  787.8 |
       Dungeon |   7219 |   7091 |    128 |    993 |   4908 |   8 |  902.4 |
        Temple |    287 |    287 |      0 |      0 |    256 |   1 |  287.0 |
       Ossuary |    371 |    371 |      0 |      0 |    265 |   1 |  371.0 |
               +--------+--------+--------+--------+--------+-----+--------+

Top non-repeatable levels by time:
     D:7: 1398 daAuts
     D:2: 1192 daAuts
     D:8: 1131 daAuts
     D:5: 909 daAuts
     D:3: 883 daAuts
     D:6: 696 daAuts
     D:1: 578 daAuts
     D:4: 429 daAuts
 Ossuary: 371 daAuts
  Temple: 287 daAuts
